 Dungeon Crawl Stone Soup version 0.29.1-12-g30fa7ad0bf (webtiles) character file.

Game seed: 3930155055466002107

22 venomsnake the Trooper (level 2, 0/27 HPs)
             Began as a Minotaur Berserker on Jan 13, 2023.
             Was a Follower of Trog.
             Slain by a hobgoblin (3 damage)
             ... led by Robin
             ... on level 2 of the Dungeon.
             The game lasted 00:01:37 (777 turns).

venomsnake the Trooper (Minotaur Berserker)          Turns: 777, Time: 00:01:38

Health: 0/27       AC:  2    Str: 21    XL:     2   Next: 68%
Magic:  1/1        EV: 12    Int:  4    God:    Trog [*.....]
Gold:   35         SH:  0    Dex:  9    Spells: 1/1 levels left

rFire   . . .      SeeInvis .   a - +0 mace
rCold   . . .      Faith    .   (no shield)
rNeg    . . .      Spirit   .   b - +0 animal skin
rPois   .          Reflect  .   (helmet restricted)
rElec   .          Harm     .   (no cloak)
rCorr   .          Rampage  .   (no gloves)
Will    .....                   (no boots)
Stlth   +.........              (no amulet)
HPRegen 0.09/turn               (no ring)
MPRegen 0.07/turn               (no ring)

@: no status effects
A: horns 2, retaliatory headbutt
a: Renounce Religion, Berserk


You were on level 2 of the Dungeon.
You worshipped Trog.
Trog was aware of your devotion.
You visited 1 branch of the dungeon, and saw 2 of its levels.

You collected 35 gold pieces.

Inventory:

Hand Weapons
 a - a +0 mace (weapon)
Armour
 b - a +0 animal skin (worn)
Wands
 c - a wand of mindburst (12)
Scrolls
 d - a scroll of fog {unknown}
 e - a scroll of silence {unknown}
Potions
 f - a potion of curing {unknown}


   Skills:
 * Level 4.1 Fighting
 + Level 3.9 Maces & Flails
 + Level 2.8 Armour
 + Level 2.5 Dodging


You had one spell level left.
You didn't know any spells.
Your spell library was empty.

Dungeon Overview and Level Annotations

Branches:
Dungeon (2/15)

Altars:

Annotations:
D:2 Robin


Innate Abilities, Weirdness & Mutations

You have a pair of horns on your head.
You reflexively headbutt those who attack you in melee.


Message History

Robin roars a battlecry!
The goblin goes into a battle-frenzy!
The goblin hits you with a +0 dagger.
You hear a shout! x3
You closely miss Robin.
Robin is moderately wounded.
Robin roars a battlecry!
The goblin hits you with a +0 dagger. Robin barely misses you.
The goblin hits you with a +0 dagger.
You are too injured to fight recklessly!
You are too injured to fight recklessly!
You are too injured to fight recklessly!
You hit Robin but do no damage. Your headbutt misses Robin.
Robin is moderately wounded.
Robin hits you with a +0 short sword. The goblin hits you with a +0 dagger.
You hit Robin.
Robin is heavily wounded.
Robin throws the goblin at you! The goblin hits you with a +0 dagger.
A hobgoblin comes into view.
You hit Robin but do no damage.
Robin is heavily wounded.
Robin hits you with a +0 short sword. The goblin misses you.
You hit Robin. You headbutt Robin, but do no damage.
Robin is severely wounded.
Robin hits you with a +0 short sword.
* * * LOW HITPOINT WARNING * * *
The goblin barely misses you. You furiously retaliate!
You headbutt the goblin!
You kill the goblin!
Trog accepts your kill.
A goblin comes into view. It is wielding a +0 dagger.
You barely miss Robin.
Robin is severely wounded.
Robin barely misses you.
A goblin comes into view. It is wielding a +0 club.
The hobgoblin hits you.
* * * LOW HITPOINT WARNING * * *
You barely miss the hobgoblin. Robin barely misses you.
A goblin comes into view. It is wielding a +0 club.
The hobgoblin hits you.
You die...

#.......# ######.>.
####### #.....
#.....# #.#...
#..(..###.....
#.......###### ##
###.....#...
#)######.....#.####
#g@.#..'..........#
#g#.#.##.....#.##.#
ggg#.#.##.....#.##.#
#####.#.##.....#.##..
#.....#.########.####
#.#####.# #..... #.#
#.# ###### #.#
#.###### # #.#
#......# #


You could see Robin, a hobgoblin (strong) and 3 goblins.

Vanquished Creatures
  An adder (D:2)
  A worm (D:2)
  3 endoplasms (D:2)
  2 giant cockroaches (D:2)
  2 goblins (D:2)
  A frilled lizard (D:2)
10 creatures vanquished.

Notes
Turn   | Place    | Note
-------+----------+-------------------------------------------
     0 | D:1      | venomsnake the Minotaur Berserker began the quest for the
                  | Orb.
     0 | D:1      | Reached XP level 1. HP: 19/19 MP: 0/0
     8 | D:1      | You fall into a shaft and drop 1 floor!
   130 | D:2      | Reached XP level 2. HP: 6/27 MP: 1/1
   414 | D:2      | Reached skill level 4 in Fighting
   767 | D:2      | Noticed Robin
   777 | D:2      | Slain by a hobgoblin

Illustrated notes

Levels and vault maps discovered:
D:1:      lemuel_arrival_muddy, layout_basic, basic_ecumenical_altar,
          minmay_misc_feat_x
D:2:      layout_basic, serial_shops, shop, st_stairs_12, uniq_robin,
          uniq_crazy_yiuf_cottage

Skill      XL: |  1  2 |
---------------+-------+-----
Fighting       | 4 |  4.1
Maces & Flails | |  3.9
Armour         | |  2.8
Dodging        | |  2.5

Action                   || total
-------------------------++-------
Melee: Mace              ||    40
       Headbutt          ||     3
       Punch             ||     1
Armor: Animal skin       ||     7
Dodge: Dodged            ||    22
